[Event "fics rated crazyhouse match"]
[Site "fics, Oklahoma City, OK USA"]
[Date "2000.10.29"]
[White "Lomboc"]
[WhiteElo "2299"]
[Black "Thufir"]
[BlackElo "2360"]
[TimeControl "60+0"]
[Result "1-0"]

1. e4 e6 2. Nc3 Nc6 3. d4 Nf6 4. Nf3 Bb4 5. Bd3 d5 6. e5 
Ne4 7. Bd2 Nxd2 8. Qxd2 B@e4 9. N@g1 Bxf3 10. Nxf3 N@e4 11. B@g5 f6 
12. exf6 gxf6 13. Bxf6 Qxf6 14. Bxe4 dxe4 15. P@e5 Qg6 16. Nh4 Qf7 17. P@f6 
Bxc3 18. bxc3 P@b2 19. Rb1 B@c1 20. Qe2 B@h6 21. Qxe4 N@a3 22. N@g7+ Kd7 
23. B@a4 Bxg7 24. Bxc6+ bxc6 25. fxg7 Qxg7 26. N@c5+ Ke8 27. B@f6 Bd7 28. Bxg7 
Nxb1 29. P@f7+ Kd8 30. Q@g8+ R@f8 31. Nb7+ Kc8 32. Nd6+ Kb8 33. Qxf8# 
{Thufir forfeits on time} 1-0

[Event "fics rated crazyhouse match"]
[Site "fics, Oklahoma City, OK USA"]
[Date "2000.10.29"]
[White "Thufir"]
[WhiteElo "2351"]
[Black "Lomboc"]
[BlackElo "2308"]
[TimeControl "60+0"]
[Result "1-0"]

1. e4 Nf6 2. Nc3 d5 3. exd5 Nxd5 4. d4 e6 5. Bd3 Nc6 6. Nf3 
Ncb4 7. Nxd5 Nxd3+ 8. Qxd3 exd5 9. Qe2+ P@e4 10. Ne5 B@g6 11. P@h5 Bgf5 
12. N@g3 Bd6 13. h6 Rg8 14. hxg7 Rxg7 15. P@h6 Rg8 16. N@g7+ Kf8 17. N7xf5 
Bxf5 18. Nxf5 P@f6 19. B@g7+ Ke8 20. Nxd6+ cxd6 21. Ng4 N@d7 22. B@h4 N@h5 
23. B@f5 Nxg7 24. hxg7 Rxg7 25. Bxd7+ Kxd7 26. Nxf6+ Kc7 27. Nxd5+ Kc8 28. N@e7+ 
Kd7 29. N@f6+ Ke6 30. P@f5# 
{Lomboc checkmated} 1-0

[Event "fics rated crazyhouse match"]
[Site "fics, Oklahoma City, OK USA"]
[Date "2000.10.29"]
[White "Lomboc"]
[WhiteElo "2301"]
[Black "Thufir"]
[BlackElo "2358"]
[TimeControl "60+0"]
[Result "0-1"]

1. e4 e6 2. Nc3 Nc6 3. d4 Bb4 4. e5 d6 5. exd6 cxd6 6. Nf3 
Nf6 7. Bd2 Bd7 8. Bb5 O-O 9. O-O P@f5 10. P@e5 Ne4 11. exd6 Bxd6 
12. P@e5 Be7 13. Bd3 Nxd2 14. Qxd2 P@e4 15. Bxe4 fxe4 16. Nxe4 B@f5 17. P@f6 
Bxe4 18. fxe7 Bxf3 19. exd8=Q Raxd8 20. Q@g3 N@e2+ 21. Qxe2 Bxe2 22. Qxg7+ Kxg7 
23. B@f6+ Kg6 24. N@h4+ Kh5 25. N@g7+ Kg4 26. h3+ Kf4 27. P@e3+ Ke4 28. P@d3+ 
Bxd3 29. cxd3+ Kxd3 30. Rfd1+ P@d2 31. B@f1+ P@e2 32. Bxe2+ Kxe2 
{Lomboc forfeits on time} 0-1

[Event "fics rated crazyhouse match"]
[Site "fics, Oklahoma City, OK USA"]
[Date "2000.10.29"]
[White "Thufir"]
[WhiteElo "2365"]
[Black "Lomboc"]
[BlackElo "2294"]
[TimeControl "60+0"]
[Result "1-0"]

1. e4 d6 2. e5 Nf6 3. exf6 exf6 4. d4 Be7 5. Nc3 d5 6. Nf3 
O-O 7. Be2 Bg4 8. O-O Nc6 9. Be3 P@e4 10. Ne1 Bxe2 11. Qxe2 B@b4 
12. N@f5 Qd7 13. Nxe7+ Nxe7 14. f3 Bxc3 15. bxc3 exf3 16. Nxf3 N@f5 17. B@g4 
P@e6 18. Bxf5 Nxf5 19. P@e5 Nxe3 20. Qxe3 N@f5 21. Qe2 B@e3+ 22. Kh1 B@g4 
23. N@d1 fxe5 24. Nxe3 Bxf3 25. Qxf3 Nxe3 26. Qxe3 e4 27. N@e5 Qe7 28. N@h5 
P@g6 29. B@f6 gxf6 30. Nxf6+ Kh8 31. P@h6 Qxf6 32. Rxf6 Rg8 33. Nxf7# 
{Lomboc checkmated} 1-0

[Event "fics rated crazyhouse match"]
[Site "fics, Oklahoma City, OK USA"]
[Date "2000.10.29"]
[White "Lomboc"]
[WhiteElo "2288"]
[Black "Thufir"]
[BlackElo "2371"]
[TimeControl "60+0"]
[Result "0-1"]

1. d4 e6 2. Nc3 d6 3. e4 Nf6 4. Nf3 Be7 5. Bd3 Nc6 6. Bg5 
O-O 7. O-O e5 8. dxe5 Nxe5 9. Nxe5 dxe5 10. Bxf6 Bxf6 11. N@d5 B@g5 
12. Nxf6+ Bxf6 13. B@f5 N@d4 14. Bxc8 Rxc8 15. N@f5 Nxf5 16. exf5 N@d4 17. P@g6 
fxg6 18. fxg6 hxg6 19. Bxg6 P@f7 20. P@h7+ Kh8 21. Bxf7 Rxf7 22. N@g6+ Kxh7 
23. Qh5+ P@h6 24. Nxe5 Bxe5 25. P@g6+ Kh8 26. gxf7 N@f6 27. R@e8+ B@f8 28. Qxe5 
N@f3+ 29. gxf3 Nxf3+ 30. Kh1 Nxe5 31. P@g2 Nxe8 32. N@g6+ Nxg6 33. B@d3 P@f3 
34. B@h3 N@f4 35. Bxg6 Nxg6 36. gxf3 Nf6 37. P@g2 P@g5 38. P@f5 P@d4 39. fxg6 
B@e5 40. N@f5 B@e6 41. Nxh6 gxh6 
{Lomboc forfeits on time} 0-1

[Event "fics rated crazyhouse match"]
[Site "fics, Oklahoma City, OK USA"]
[Date "2000.10.29"]
[White "Thufir"]
[WhiteElo "2377"]
[Black "Lomboc"]
[BlackElo "2282"]
[TimeControl "60+0"]
[Result "1-0"]

1. e4 d5 2. exd5 Qxd5 3. Nc3 Qd8 4. Be2 e6 5. d4 Nf6 6. Nf3 
Bb4 7. Bg5 Bxc3+ 8. bxc3 N@e4 9. Bxf6 Nxf6 10. B@g5 B@e7 11. P@e5 Ne4 
12. Bxe7 Qxe7 13. B@b4 Qd8 14. N@h5 B@h6 15. Bd3 P@f5 16. Bxe4 fxe4 17. N@f6+ 
gxf6 18. Nxf6+ Qxf6 19. exf6 Nc6 20. P@g7 Rg8 21. Ne5 Nxb4 22. Q@e7# 
{Lomboc checkmated} 1-0

[Event "fics rated crazyhouse match"]
[Site "fics, Oklahoma City, OK USA"]
[Date "2000.10.29"]
[White "Lomboc"]
[WhiteElo "2276"]
[Black "Thufir"]
[BlackElo "2383"]
[TimeControl "60+0"]
[Result "0-1"]

1. e4 e6 2. d4 Nc6 3. e5 d6 4. exd6 cxd6 5. Nc3 Nf6 6. Nf3 
Be7 7. Bb5 Bd7 8. Bxc6 Bxc6 9. P@e5 Ne4 10. Nxe4 Bxe4 11. exd6 B@b4+ 
12. N@c3 Bexd6 13. P@e5 Bxf3 14. Qxf3 N@h4 15. Qg3 N@e4 16. Qxg7 Nxc3 17. Qxh8+ 
N@f8 18. bxc3 Bxc3+ 19. P@d2 Nxg2+ 20. Kf1 Nf4 21. N@f6+ Qxf6 22. B@f3 Qxh8 
23. dxc3 P@e2+ 24. Bxe2 P@g2+ 25. Ke1 gxh1=Q+ 26. B@f1 N@g2+ 27. Kd2 Q@e1# 
{Lomboc checkmated} 0-1

[Event "fics rated crazyhouse match"]
[Site "fics, Oklahoma City, OK USA"]
[Date "2000.10.29"]
[White "Thufir"]
[WhiteElo "2389"]
[Black "Lomboc"]
[BlackElo "2270"]
[TimeControl "60+0"]
[Result "1-0"]

1. e4 Nf6 2. e5 e6 3. exf6 gxf6 4. d4 d5 5. Nc3 Rg8 6. Nf3 
Bb4 7. N@h6 Rg6 8. Nh4 Rg7 9. Qe2 Bxc3+ 10. bxc3 P@g5 11. N4f5 Rg6 
12. B@h5 N@e4 13. Bxg6 hxg6 14. R@h8+ B@f8 15. Ng7+ Ke7 16. Ng8+ Kd7 17. Bd2 
Bxg7 18. Rh7 Qxg8 19. Rxg7 Qxg7 20. B@a4+ c6 21. f3 Nxd2 22. Qxd2 B@f4 
23. N@c5+ Ke7 24. Qe2 N@c4 25. g3 Bd2+ 26. Kf2 Bxc3 27. Rd1 Bxd4+ 28. Rxd4 
P@e3+ 29. Kg2 N@c1 30. Rxc4 Nxe2 31. N@g4 P@f5 32. Bxe2 fxg4 33. Rf1 Q@f2+ 
34. Rxf2 exf2 35. Kxf2 N@h3+ 36. Ke3 R@e1 37. P@c7 d4+ 38. Kxd4 e5+ 39. Kc3 
Rxe2 40. Kb3 Kf8 41. B@d8 Kg8 42. P@e7 Kh7 43. N@f8+ Qxf8 44. exf8=N+ Kg7 
45. Q@h7+ Kxf8 46. Q@g8# 
{Lomboc checkmated} 1-0

[Event "fics rated crazyhouse match"]
[Site "fics, Oklahoma City, OK USA"]
[Date "2000.10.29"]
[White "Lomboc"]
[WhiteElo "2265"]
[Black "Thufir"]
[BlackElo "2394"]
[TimeControl "60+0"]
[Result "0-1"]

1. e4 e6 2. Nc3 Nc6 3. d4 Nf6 4. Nf3 Bb4 5. Bd3 d5 6. e5 
Ne4 7. Bd2 Nxd2 8. Qxd2 B@e4 9. N@g1 Bxf3 10. Nxf3 N@e4 11. Bxe4 dxe4 
12. Ng5 Qxd4 13. Ngxe4 Bxc3 14. Nxc3 Qxd2+ 15. Kxd2 N@c4+ 16. Ke2 Q@d2+ 17. Kf1 
N6xe5 18. B@d3 Nxd3 19. cxd3 Qxd3+ 20. B@e2 Nd2+ 21. Kg1 Qg6 22. P@g3 P@d3 
23. N@e5 Qf5 24. Bxd3 Qxe5 25. P@e3 P@h3 26. gxh3 N@f3+ 27. Kg2 P@b4 28. Ne2 
B@c6 29. e4 Bxe4 30. Bxe4 Qxe4 31. N@c3 Nh4+ 32. Kg1 Qg2# 
{Lomboc checkmated} 0-1

[Event "fics rated crazyhouse match"]
[Site "fics, Oklahoma City, OK USA"]
[Date "2000.10.29"]
[White "Thufir"]
[WhiteElo "2399"]
[Black "Lomboc"]
[BlackElo "2260"]
[TimeControl "60+0"]
[Result "0-1"]

1. e4 Nf6 2. Nc3 d5 3. exd5 Nxd5 4. d4 e6 5. Bd3 Nc6 6. Nf3 
Bb4 7. Bd2 Bxc3 8. bxc3 N@f4 9. Bxf4 Nxf4 10. Rg1 B@b2 11. B@g5 Bxc3+ 
12. Kf1 Nxd3 13. Bxd8 Nxd8 14. cxd3 Bxa1 15. Qxa1 B@g4 16. B@a3 P@d6 17. N@e5 
Bxf3 18. Nxf3 P@e2+ 19. Kxe2 N@f4+ 20. Ke1 R@e2+ 21. Kd1 B@c2+ 22. Kc1 Nxd3# 
{Thufir checkmated} 0-1

[Event "fics rated crazyhouse match"]
[Site "fics, Oklahoma City, OK USA"]
[Date "2000.10.29"]
[White "Lomboc"]
[WhiteElo "2271"]
[Black "Thufir"]
[BlackElo "2388"]
[TimeControl "60+0"]
[Result "1-0"]

1. e4 e6 2. Nc3 Nc6 3. d4 Bb4 4. e5 d6 5. exd6 cxd6 6. Nf3 
Nf6 7. Bg5 P@a3 8. P@d2 axb2 9. Rb1 h6 10. Bxf6 Qxf6 11. Rxb2 Bxc3 
12. dxc3 N@e4 13. P@d2 P@g4 14. B@e2 gxf3 15. Bxf3 B@d5 16. N@h5 Qg5 17. Bb5 
O-O 18. Bxc6 Bxc6 19. h4 Qe7 20. Bxe4 Bxe4 21. P@f3 Bg6 22. Nf4 B@f5 
23. d3 N@a4 24. Rb3 e5 25. Nd5 Qd8 26. dxe5 dxe5 27. P@e7 Qxd5 28. exf8=Q+ 
Kxf8 29. N@c7 Qd7 30. R@e8+ Qxe8 31. Nxe8 Kxe8 32. N@d6+ Kd7 33. Q@e8+ Kxd6 
34. Qe2 R@c1+ 35. Kd2 B@f4+ 36. Qe3 Bxe3+ 37. fxe3 Q@d7 38. Qxd7+ Bcxd7 39. B@a3+ 
P@c5 40. Rd1 Ke7 41. Q@d6+ Ke8 42. Bxc5 Kd8 43. Qe7+ Kc8 44. Qe8# 
{Thufir forfeits on time} 1-0

[Event "fics rated crazyhouse match"]
[Site "fics, Oklahoma City, OK USA"]
[Date "2000.10.29"]
[White "Thufir"]
[WhiteElo "2377"]
[Black "Lomboc"]
[BlackElo "2282"]
[TimeControl "60+0"]
[Result "1-0"]

1. e4 e6 2. Nc3 d5 3. d4 dxe4 4. Nxe4 Nc6 5. Nf3 Bd7 6. Be3 
Be7 7. Bd3 Nf6 8. Ng3 Nd5 9. Nh5 Bf8 10. Bg5 P@f6 11. Bh4 g6 
12. P@g7 Bxg7 13. Nxg7+ Kf8 14. B@h6 Kg8 15. O-O Nce7 16. c4 Nf5 17. Bxf5 
exf5 18. cxd5 B@f8 19. N@e6 fxe6 20. dxe6 Bxg7 21. P@f7+ Kf8 22. Bxg7+ Kxg7 
23. exd7 Qxd7 24. Bxf6+ Kxf6 25. B@g5+ Kxf7 26. N@e5+ Ke8 27. Nxd7 P@e7 28. Nde5 
B@e6 29. P@f7+ Bxf7 30. Q@d7# 
{Lomboc resigns} 1-0

[Event "fics rated crazyhouse match"]
[Site "fics, Oklahoma City, OK USA"]
[Date "2000.10.29"]
[White "Lomboc"]
[WhiteElo "2276"]
[Black "Thufir"]
[BlackElo "2383"]
[TimeControl "60+0"]
[Result "0-1"]

1. e4 e6 2. Nc3 Nc6 3. d4 Nf6 4. Nf3 Bb4 5. Bd3 d5 6. e5 
Ne4 7. Bd2 Nxd2 8. Nxd2 Nxd4 9. O-O Nc6 10. Bb5 Bd7 11. Bxc6 Bxc6 
12. Qg4 B@g6 13. N@h5 Bxc3 14. Nxg7+ Kd7 15. bxc3 P@f5 16. Qb4 B@b6 17. P@b5 
a5 18. bxc6+ bxc6 19. Qf4 P@g5 20. Qf3 N@h4 21. Qg3 f4 22. Qg4 h5 
23. Qe2 g4 24. N@f6+ Kc8 25. B@a6+ Kb8 26. B@g5 Nf5 27. Bxf4 d4 28. P@d6 
cxd6 29. exd6 Nxd6 30. Bxd6+ Qxd6 31. P@e5 Qc7 32. N@d7+ Ka7 33. Nxb6 Qxb6 
34. cxd4 P@d3 35. B@c5 Kxa6 36. Bxb6 dxe2 37. P@b5+ cxb5 38. Rfe1 P@f3 39. Nc4 
N@h3+ 40. gxh3 Q@g2# 
{Lomboc checkmated} 0-1

[Event "fics rated crazyhouse match"]
[Site "fics, Oklahoma City, OK USA"]
[Date "2000.10.29"]
[White "Thufir"]
[WhiteElo "2389"]
[Black "Lomboc"]
[BlackElo "2270"]
[TimeControl "60+0"]
[Result "0-1"]

1. e4 Nf6 2. e5 Nd5 3. d4 e6 4. Nf3 d6 5. Be2 Nc6 6. O-O 
Be7 7. c4 Nb6 8. exd6 cxd6 9. Be3 d5 10. c5 Nd7 11. Nc3 P@c7 
12. P@d6 cxd6 13. cxd6 Bxd6 14. P@e5 Bc7 15. Bg5 P@f6 16. exf6 gxf6 17. Bh4 
Rg8 18. P@g3 P@g7 19. Bb5 P@e4 20. Ne1 Nb4 21. Bxd7+ Bxd7 22. f3 B@d3 
23. Nxd3 Nxd3 24. fxe4 Nxb2 25. Qc2 dxe4 26. Nxe4 Bc6 27. P@h6 Qxd4+ 28. B@f2 
Qxe4 29. Qxe4 Bxe4 30. N@f4 Bxf4 31. P@d7+ Kxd7 32. Q@d4+ P@d5 33. h3 Bxg2 
34. Kxg2 P@e4 35. Be1 P@f3+ 36. Rxf3 exf3+ 37. Kxf3 P@e4+ 38. Kxf4 Q@f3# 
{Thufir checkmated} 0-1

[Event "fics rated crazyhouse match"]
[Site "fics, Oklahoma City, OK USA"]
[Date "2000.10.31"]
[White "Thufir"]
[WhiteElo "2392"]
[Black "tantheman"]
[BlackElo "2215"]
[TimeControl "60+0"]
[Result "1-0"]

1. e4 e6 2. Nc3 b6 3. d3 Bb7 4. f4 Nf6 5. Nf3 d5 6. e5 
Ng4 7. Be2 Bc5 8. d4 Bb4 9. O-O Bxc3 10. bxc3 N@e4 11. Bd2 O-O 
12. Bd3 Nxd2 13. Nxd2 B@e4 14. Qxg4 Bxd3 15. cxd3 B@g5 16. fxg5 Nc6 17. N@a5 
Nxa5 18. N@h5 N@f5 19. B@f6 Qd7 20. Bxg7 Nxg7 21. Nf6+ Kh8 22. Nxd7 B@f5 
23. P@f6 Ne8 24. B@g7+ Nxg7 25. fxg7+ Kxg7 26. B@f6+ Kg8 27. N@e7# 
{tantheman checkmated} 1-0

[Event "fics rated crazyhouse match"]
[Site "fics, Oklahoma City, OK USA"]
[Date "2000.10.31"]
[White "tantheman"]
[WhiteElo "2211"]
[Black "Thufir"]
[BlackElo "2396"]
[TimeControl "60+0"]
[Result "1-0"]

1. e4 e6 2. Nc3 Nc6 3. Nf3 Bb4 4. Be2 Nf6 5. e5 Ng4 6. d4 
d6 7. exd6 cxd6 8. h3 Nf6 9. O-O Bxc3 10. bxc3 Ne4 11. Bd2 P@g3 
12. fxg3 Nxg3 13. P@f2 Nxf1 14. Qxf1 e5 15. dxe5 Nxe5 16. P@g4 Nxf3+ 17. Bxf3 
N@h4 18. Re1+ P@e5 19. B@d5 P@e6 20. Bxb7 Bxb7 21. Bxb7 O-O 22. P@h6 gxh6 
23. Bxh6 B@d5 24. Bxd5 exd5 25. P@g7 Re8 26. B@g5 P@h2+ 27. Kh1 B@e7 28. Bxh4 
Bxh4 29. P@g3 Bf6 30. N@h5 B@e7 31. N@f5 R@g6 32. Nxe7+ Qxe7 33. B@e3 Bxg7 
34. Bxg7 f6 35. N@h6+ Rxh6 36. Bexh6 Kf7 37. B@f5 P@e6 38. Bxe6+ Kxe6 39. B@f5+ 
Kf7 40. P@e6+ Qxe6 41. Bxe6+ Rxe6 42. Q@f5 Ke7 43. Qxh7 B@d7 44. Bxf6# 
{Thufir forfeits on time} 1-0

[Event "fics rated crazyhouse match"]
[Site "fics, Oklahoma City, OK USA"]
[Date "2000.10.31"]
[White "Thufir"]
[WhiteElo "2384"]
[Black "tantheman"]
[BlackElo "2223"]
[TimeControl "60+0"]
[Result "1-0"]

1. e4 e6 2. Nc3 b5 3. d4 b4 4. Nce2 Bb7 5. f3 Nf6 6. Be3 
Na6 7. Ng3 c5 8. N1e2 c4 9. c3 bxc3 10. Nxc3 P@d3 11. P@e5 Bb4 
12. Bxd3 Bxc3+ 13. bxc3 cxd3 14. Qxd3 B@c4 15. Qxc4 N@c2+ 16. Kd2 Nxa1 17. Rxa1 
Rc8 18. B@c5 Nxc5 19. dxc5 B@a6 20. N@d6+ Kf8 21. P@b5 Bxb5 22. Nxb5 P@d5 
23. Qe2 dxe4 24. exf6 Qxf6 25. B@g5 R@d3+ 26. Qxd3 exd3 27. P@e7+ Kg8 28. R@f8+ 
Rxf8 29. exf8=Q+ Kxf8 30. B@e7+ Ke8 31. Nd6+ Kxe7 32. Bxf6+ gxf6 33. N@f5+ Kd8 
34. Q@b8+ B@c8 35. Nxb7+ Ke8 36. N@d6+ Kf8 37. B@g7+ Kg8 38. R@f8# 
{tantheman checkmated} 1-0

[Event "fics rated crazyhouse match"]
[Site "fics, Oklahoma City, OK USA"]
[Date "2000.10.31"]
[White "tantheman"]
[WhiteElo "2218"]
[Black "Thufir"]
[BlackElo "2389"]
[TimeControl "60+0"]
[Result "1-0"]

1. e4 e6 2. Nc3 Nc6 3. Nf3 Bb4 4. Be2 Nf6 5. e5 Nd5 6. d4 
Bxc3+ 7. bxc3 Nxc3 8. Qd3 Nxe2 9. Qxe2 P@g4 10. Nd2 Nxd4 11. Qxg4 Nxc2+ 
12. Kf1 Nxa1 13. Qxg7 P@e2+ 14. Kxe2 N@d4+ 15. Kd3 B@g6+ 16. P@e4 R@g8 17. N@f6+ 
Qxf6 18. Qxf6 P@e7 19. Qxe7+ Kxe7 20. B@f6+ Kf8 21. Q@e7# 
{Thufir checkmated} 1-0

[Event "fics rated crazyhouse match"]
[Site "fics, Oklahoma City, OK USA"]
[Date "2000.10.31"]
[White "Thufir"]
[WhiteElo "2377"]
[Black "tantheman"]
[BlackElo "2230"]
[TimeControl "60+0"]
[Result "0-1"]

1. e4 e6 2. Nc3 b6 3. d4 Bb7 4. f3 Nf6 5. Be3 Bb4 6. Nh3 
O-O 7. Be2 c5 8. O-O cxd4 9. Bxd4 P@e7 10. P@g5 Nc6 11. gxf6 exf6 
12. Bf2 Bxc3 13. bxc3 d5 14. exd5 exd5 15. N@f5 P@h6 16. B@d6 P@e7 17. Bxe7 
Nxe7 18. Nxe7+ Qxe7 19. N@f5 Qd7 20. P@e7 Rfe8 21. Bd3 B@g6 22. P@d6 Bxf5 
23. Bxf5 Qxf5 24. B@g4 Qe5 25. Bg3 Qxc3 26. Re1 B@c5+ 27. Kh1 P@f4 28. Bxf4 
N@b2 29. Qe2 N@d4 30. Qf1 Nxc2 31. d7 Nxe1 32. dxe8=Q+ Rxe8 33. R@d8 R@a8 
34. Rxe8+ Rxe8 35. R@f8+ Rxf8 36. exf8=Q+ Bxf8 37. Rxe1 P@d2 38. P@e7 dxe1=Q 39. exf8=Q+ 
Kxf8 40. R@d8+ Ke7 41. B@d6+ Kxd8 42. N@c6+ Ke8 43. Qxe1+ Qxe1+ 44. Ng1 N@f2# 
{Thufir checkmated} 0-1

[Event "fics rated crazyhouse match"]
[Site "fics, Oklahoma City, OK USA"]
[Date "2000.10.31"]
[White "tantheman"]
[WhiteElo "2241"]
[Black "Thufir"]
[BlackElo "2366"]
[TimeControl "60+0"]
[Result "0-1"]

1. e4 e6 2. Nc3 d6 3. Nf3 Nf6 4. d4 Be7 5. Bc4 Nc6 6. d5 
Ne5 7. Nxe5 dxe5 8. dxe6 Bxe6 9. Bxe6 fxe6 10. P@f7+ Kf8 11. N@g5 P@d7 
12. O-O B@h4 13. B@g3 Bxg5 14. Bxg5 Kxf7 15. Bxe5 P@d6 16. Bexf6 Bxf6 17. Bxf6 
Qxf6 18. B@h5+ B@g6 19. Bxg6+ hxg6 20. B@g3 B@e5 21. B@h4 B@g5 22. Bxg5 Qxg5 
23. Bxe5 Qxe5 24. B@g3 B@f4 25. Bxf4 Qxf4 26. B@g3 Qf6 27. N@g4 Qg5 28. P@h3 
B@h5 29. B@f3 Qe7 30. e5 Bxg4 31. exd6 cxd6 32. Bxd6 Qf6 33. Bxg4 P@e7 
34. Ne4 Qxb2 35. Bxe7 Kxe7 36. Qd6+ Kd8 37. P@e7+ Kc8 38. Qc5+ P@c6 39. Nd6+ 
Kc7 40. B@d8+ Raxd8 41. exd8=Q+ Rxd8 42. Nb5+ Qxb5 43. Qxb5 cxb5 44. P@d6+ Kxd6 
45. P@c5+ Kxc5 46. Q@e3+ B@d4 47. Rad1 N@e2+ 48. Bxe2 Q@h1# 
{tantheman forfeits on time} 0-1

[Event "fics rated crazyhouse match"]
[Site "fics, Oklahoma City, OK USA"]
[Date "2000.10.31"]
[White "Thufir"]
[WhiteElo "2371"]
[Black "tantheman"]
[BlackElo "2236"]
[TimeControl "60+0"]
[Result "1-0"]

1. e4 e6 2. d4 b6 3. Nc3 Bb7 4. f4 Nf6 5. Bd3 Bb4 6. Qe2 
Bxc3+ 7. bxc3 d5 8. e5 Ne4 9. Bd2 Nxd2 10. Qxd2 N@e4 11. Bxe4 dxe4 
12. N@h5 B@h6 13. B@g5 Bxg5 14. fxg5 Kf8 15. B@a3+ B@e7 16. Bxe7+ Qxe7 17. Nxg7 
e3 18. Qxe3 Bxg2 19. B@f6 Qa3 20. P@e7+ Qxe7 21. Bxe7+ Kxe7 22. P@f6+ Kd7 
23. Q@e7+ Kc8 24. Nxe6 fxe6 25. Qxe6+ P@d7 26. N@e7+ Kd8 27. Qc4 Bxh1 28. O-O-O 
B@a3+ 29. P@b2 R@a1+ 30. Kd2 N@e4+ 31. Ke2 Rxd1 32. Kxd1 P@f2 33. R@c8# 
{tantheman checkmated} 1-0

[Event "fics rated crazyhouse match"]
[Site "fics, Oklahoma City, OK USA"]
[Date "2000.10.31"]
[White "tantheman"]
[WhiteElo "2231"]
[Black "Thufir"]
[BlackElo "2376"]
[TimeControl "60+0"]
[Result "1-0"]

1. e4 e6 2. Nc3 Nc6 3. Nf3 Nf6 4. e5 Nd5 5. Be2 d6 6. exd6 
cxd6 7. d4 Be7 8. P@e4 Nf6 9. O-O P@b4 10. e5 bxc3 11. exf6 Bxf6 
12. bxc3 N@e4 13. Bd2 e5 14. dxe5 Nxe5 15. P@h3 Nxf3+ 16. Bxf3 Nxd2 17. Qxd2 
N@e5 18. Rae1 P@e6 19. N@h5 Nxf3+ 20. gxf3 B@e5 21. P@g3 Rg8 22. N@g4 Bxc3 
23. Ngxf6+ Bxf6 24. B@f4 N@d4 25. Re3 B@e5 26. Bxe5 dxe5 27. B@g2 B@h6 28. N@g4 
Bxe3 29. fxe3 Nf5 30. Ngxf6+ gxf6 31. Qxd8+ Kxd8 32. B@c7+ Ke7 33. B@d6+ Kd7 
34. Nxf6+ Kc6 35. Q@c5# 
{Thufir checkmated} 1-0

[Event "fics rated crazyhouse match"]
[Site "fics, Oklahoma City, OK USA"]
[Date "2000.10.31"]
[White "Thufir"]
[WhiteElo "2365"]
[Black "tantheman"]
[BlackElo "2242"]
[TimeControl "60+0"]
[Result "0-1"]

1. e4 e6 2. d4 b6 3. Nc3 Bb7 4. f3 Nf6 5. Be3 c5 6. dxc5 
Bxc5 7. Bxc5 bxc5 8. B@d6 P@e7 9. P@c7 Qc8 10. cxb8=Q Rxb8 11. Bxb8 Qxb8 
12. Nh3 B@h4+ 13. N@f2 P@g3 14. hxg3 Bxg3 15. P@h2 Bxh2 16. Rxh2 Qxh2 17. B@g5 
P@g3 18. Bxf6 gxf6 19. R@b8+ B@c8 20. N@c7+ Kd8 21. N3b5 gxf2+ 22. Nxf2 B@g1 
23. Nxe6+ fxe6 24. P@c7+ Ke8 25. Rxc8+ Bxc8 26. B@e3 P@d4 27. Nxd4 cxd4 28. Qxd4 
N@c6 29. Qd2 Bxf2+ 30. Bxf2 N@g3 31. O-O-O Nxf1 32. Rxf1 R@a1+ 33. B@b1 N@b4 
34. N@g7+ Kf7 35. P@h6 Nxa2+ 36. Kd1 Qxg2 37. Ke2 N@d4+ 38. Kd3 B@a6+ 39. c4 
Bxc4+ 40. Kxc4 P@b5+ 41. Kd3 P@c4+ 42. Ke3 P@f4+ 43. Kxf4 Qg5# 
{Thufir checkmated} 0-1

[Event "fics rated crazyhouse match"]
[Site "fics, Oklahoma City, OK USA"]
[Date "2000.10.31"]
[White "tantheman"]
[WhiteElo "2253"]
[Black "Thufir"]
[BlackElo "2354"]
[TimeControl "60+0"]
[Result "1-0"]

1. e4 e6 2. Nc3 d5 3. Nf3 Nf6 4. e5 Ne4 5. Be2 Nc6 6. O-O 
Be7 7. d4 Nxc3 8. bxc3 N@e4 9. Bd2 Nxd2 10. Nxd2 B@e4 11. Nxe4 dxe4 
12. N@h5 Rg8 13. f3 N@e3 14. Qd2 Nxf1 15. Rxf1 exf3 16. Bxf3 P@g6 17. Bxc6+ 
bxc6 18. Nxg7+ Rxg7 19. P@f6 N@e4 20. fxe7 Qxe7 21. Qf4 P@e2 22. Qxe4 exf1=Q+ 
23. Kxf1 R@f5+ 24. P@f3 Ba6+ 25. P@d3 B@d5 26. Qe3 R@a1+ 27. B@e1 Bxa2 28. N@f6+ 
Rxf6 29. exf6 Qxf6 30. B@e5 N@f5 31. R@h8+ Ke7 32. Bxf6+ Kxf6 33. Q@g5# 
{Thufir checkmated} 1-0

[Event "fics rated crazyhouse match"]
[Site "fics, Oklahoma City, OK USA"]
[Date "2000.10.31"]
[White "Thufir"]
[WhiteElo "2344"]
[Black "tantheman"]
[BlackElo "2263"]
[TimeControl "60+0"]
[Result "1-0"]

1. g3 e6 2. Bg2 Nf6 3. h3 Be7 4. Nf3 O-O 5. d3 Nc6 6. O-O 
d5 7. Nc3 Bd7 8. Bg5 h6 9. Bd2 d4 10. Ne4 Nxe4 11. dxe4 N@g5 
12. Bxg5 Bxg5 13. Nxd4 Nxd4 14. Qxd4 B@b6 15. P@c5 N@c6 16. Qc4 Ne5 17. Qc3 
Bxc5 18. Qxe5 Bd6 19. Qc3 P@f4 20. gxf4 Bgxf4 21. P@g3 Bfe5 22. Qd2 Bxb2 
23. Rab1 P@c3 24. Qe3 P@e5 25. N@h5 Bc6 26. f4 exf4 27. gxf4 P@e5 28. f5 
Bxe4 29. Bxe4 exf5 30. Bxf5 P@f4 31. P@h7+ Kh8 32. P@f6 P@f2+ 33. Rxf2 Qxf6 
34. Nxf6 gxf6 35. P@g7+ Kxg7 36. N@h5+ Kh8 37. B@g7# 
{tantheman checkmated} 1-0

[Event "fics rated crazyhouse match"]
[Site "fics, Oklahoma City, OK USA"]
[Date "2000.10.31"]
[White "tantheman"]
[WhiteElo "2257"]
[Black "Thufir"]
[BlackElo "2350"]
[TimeControl "60+0"]
[Result "0-1"]

1. e4 e6 2. Nc3 d6 3. Nf3 Nf6 4. d4 Be7 5. Bc4 O-O 6. d5 
exd5 7. exd5 Nbd7 8. P@e6 fxe6 9. dxe6 Nb6 10. Bb3 P@c4 11. Bxc4 Nxc4 
12. P@d5 Nb6 13. P@f5 B@g4 14. O-O Bxf5 15. Bg5 P@b4 16. Bxf6 Bxf6 17. N@e4 
bxc3 18. Nxf6+ Qxf6 19. bxc3 Qxc3 20. B@d4 Qc4 21. e7 Re8 22. P@f7+ Kxf7 
23. Ng5+ Kxe7 24. Re1+ P@e5 25. Bxe5 dxe5 26. Rxe5+ P@e6 27. dxe6 Bcxe6 28. Nxe6 
Bxe6 29. P@f5 B@d6 30. Rxe6+ Qxe6 31. fxe6 B@c6 32. B@h4+ P@f6 33. B@f3 N@e5 
34. P@c5 Bxc5 35. Bxc6 bxc6 36. P@d4 Bxd4 37. Qxd4 N@e2+ 38. Kh1 Nxd4 39. B@e3 
B@d5 40. B@h3 Bxe6 41. Bxe6 Nxe6 42. Q@h3 P@f3 43. B@f5 B@d5 
{tantheman forfeits on time} 0-1

[Event "fics rated crazyhouse match"]
[Site "fics, Oklahoma City, OK USA"]
[Date "2000.10.31"]
[White "Thufir"]
[WhiteElo "2356"]
[Black "tantheman"]
[BlackElo "2251"]
[TimeControl "60+0"]
[Result "0-1"]

1. e4 e6 2. d4 b6 3. Nc3 Bb7 4. f3 Nf6 5. Be3 c5 6. dxc5 
bxc5 7. P@e5 P@d4 8. exf6 gxf6 9. Bxd4 cxd4 10. Qxd4 B@c5 11. Qd2 P@f2+ 
12. Qxf2 Bxf2+ 13. Kxf2 Bc5+ 14. P@e3 Bxe3+ 15. Kxe3 e5 16. N@g4 h5 17. P@g7 
Ke7 18. B@a3+ d6 19. gxh8=Q Qxh8 20. R@c7+ P@d7 21. Rxb7 hxg4 22. Nd5+ Ke8 
23. Bxd6 Q@d4+ 24. Ke2 N@f4+ 25. Nxf4 exf4 26. N@c7+ Kd8 27. B@e7+ Kc8 28. Rxb8+ 
Rxb8 29. B@d2 R@f2+ 30. Ke1 Qxd2# 
{Thufir checkmated} 0-1

[Event "fics rated crazyhouse match"]
[Site "fics, Oklahoma City, OK USA"]
[Date "2000.10.31"]
[White "tantheman"]
[WhiteElo "2261"]
[Black "Thufir"]
[BlackElo "2346"]
[TimeControl "60+0"]
[Result "1-0"]

1. e4 e6 2. Nc3 Nc6 3. Nf3 Bb4 4. Be2 Bxc3 5. dxc3 Nf6 6. e5 
Ng4 7. B@g3 N@e4 8. Bcf4 Nxg3 9. Bxg3 B@d5 10. N@e3 Nxe3 11. fxe3 Bxf3 
12. Bxf3 N@c4 13. B@d4 Nxb2 14. Qc1 Nc4 15. O-O P@b2 16. Qe1 bxa1=Q 17. Qxa1 
Nd2 18. N@h5 Nxf3+ 19. Rxf3 Rg8 20. P@f6 N@e2+ 21. Kh1 Nxg3+ 22. hxg3 B@g4 
23. Nxg7+ Kf8 24. N@g5 R@h6+ 25. P@h5 Bxf3 26. gxf3 B@a3 27. N@g4 Rxh5+ 28. Nxh5 
Rxg5 29. B@h6+ Ke8 30. R@h8+ R@g8 31. Rxg8+ Rxg8 32. Ng7+ Rxg7 33. fxg7 R@g8 
34. R@h8 Rxh8 35. gxh8=Q+ R@f8 36. Bxf8 Bxf8 37. R@g8 B@a3 38. Qb2 N@f2+ 39. Nxf2 
P@g2+ 40. Kxg2 
{Thufir forfeits on time} 1-0

[Event "fics rated crazyhouse match"]
[Site "fics, Oklahoma City, OK USA"]
[Date "2000.10.31"]
[White "Thufir"]
[WhiteElo "2336"]
[Black "tantheman"]
[BlackElo "2271"]
[TimeControl "60+0"]
[Result "0-1"]

1. e4 e6 2. d3 b6 3. Nc3 Bb7 4. f4 d5 5. e5 c5 6. Nf3 
Ne7 7. Be2 Nd7 8. O-O d4 9. Ne4 Nf5 10. c3 dxc3 11. bxc3 Bxe4 
12. dxe4 N@e3 13. Bxe3 Nxe3 14. P@d6 Nxd1 15. N@c7+ Qxc7 16. dxc7 B@e3+ 17. Kh1 
N@f2# 
{Thufir resigns} 0-1